Map: Deathaura LE

Players

Terranus

  • Race: Terran Terran
  • League: Silver
  • Spawn Location: 11:00

ViBE - Winner!

  • Race: Protoss Protoss
  • League: Bronze
  • Spawn Location: 5:00

VOD

https://www.youtube.com/watch?v=VjhJ7E-kFgw&list=PLFeZeom2b4DnD3FIu7pzkXl51JX_WWz2h&index=2

Description

Time

  • Played on: March 9, 2021, 10:41 p.m.
  • Length: 6:25
Show
View Real Time Build Order
Export as new Build Order

Terranus Terran 

Build Orders:  

Get SALT Encoding   

  12  0:00  SCV  
  13  0:12  SCV  
  14  0:22  Supply Depot  
  14  0:24  SCV  
  15  0:43  SCV  
  15  0:45  Barracks  
  16  0:52  Barracks  
  16  0:58  SCV  
  17  1:11  Barracks  
  17  1:19  Barracks  
  17  1:28  Barracks  
  17  1:35  Marine  
  18  1:42  Marine  
  19  1:53  Marine  
  20  1:59  Marine x2  
  20  2:00  Supply Depot  
  22  2:10  Marine  
  23  2:22  Marine x3  
  27  2:31  Marine  
  27  2:32  Marine  
  28  2:41  Marine  
  28  2:42  Barracks  
  28  2:43  Barracks  
  29  2:46  Marine  
  29  2:48  Marine  
  31  2:59  Supply Depot  
  31  3:20  Marine x5  
  36  3:37  Marine x2  
  36  3:38  Marine  
  39  4:00  Supply Depot  
  39  4:06  Engineering Bay  
  39  4:09  Refinery  
  39  4:11  Refinery  
  39  4:22  Marine x3  
  42  4:25  Marine x2  
  42  4:26  Marine  
  45  5:08  Planetary Fortress  
  45  5:22  Command Center  
Show
View Real Time Build Order
Export as new Build Order

ViBE Protoss - Winner!

Build Orders: 1 Gate Expand 

Get SALT Encoding   

  12  0:00  Probe  
  13  0:13  Probe  
  14  0:29  Probe  
  14  0:30  Pylon  
  15  0:48  Probe (Chrono Boost)  
  16  0:53  Gateway  
  16  1:00  Probe (Chrono Boost)  
  16  1:03  Assimilator  
  17  1:07  Probe (Chrono Boost)  
  18  1:14  Probe  
  19  1:24  Nexus  
  19  1:26  Probe  
  20  1:34  Assimilator  
  20  1:38  Probe  
  21  1:45  Cybernetics Core  
  21  1:50  Probe  
  22  1:57  Pylon  
  22  2:03  Probe  
  24  2:15  Probe  
  24  2:22  Pylon  
  24  2:27  Stalker  
  26  2:30  Warp Gate  
  26  2:32  Probe (Chrono Boost)  
  28  2:38  Probe (Chrono Boost)  
  29  2:44  Probe (Chrono Boost)  
  29  2:47  Probe (Chrono Boost)  
  29  2:50  Probe (Chrono Boost)  
  31  2:51  Probe (Chrono Boost)  
  32  3:00  Stalker, Probe  
  32  3:03  Probe  
  36  3:06  Robotics Facility  
  36  3:11  Gateway  
  36  3:17  Probe  
  36  3:18  Probe  
  38  3:30  Stalker  
  38  3:31  Probe (Chrono Boost)  
  38  3:33  Probe (Chrono Boost)  
  42  3:44  Probe (Chrono Boost)  
  42  3:45  Probe (Chrono Boost)  
  44  3:50  Probe x2 (Chrono Boost)  
  46  3:56  Observer  
  46  4:00  Nexus  
  47  4:03  Pylon  
  47  4:07  Probe  
  47  4:08  Pylon, Probe  
  49  4:16  Pylon  
  49  4:18  Assimilator  
  49  4:19  Assimilator  
  49  4:21  Probe x2  
  51  4:24  Immortal  
  51  4:27  Stalker  
  51  4:28  Stalker  
  59  4:43  Probe  
  59  4:44  Probe  
  61  4:57  Probe x2  
  63  5:02  Stalker x2  
  63  5:04  Immortal  
  71  5:16  Pylon  
  71  5:21  Probe (Chrono Boost)  
  72  5:22  Probe (Chrono Boost)  
  72  5:24  Probe (Chrono Boost)  
  74  5:34  Probe x2 (Chrono Boost)  
  74  5:35  Probe (Chrono Boost)  
  77  5:37  Stalker x2  
  81  5:43  Immortal  
  81  5:47  Probe  
  81  5:48  Probe  
  81  5:49  Probe  
  88  5:55  Pylon  
  88  5:59  Pylon  
  88  6:01  Probe  
  88  6:02  Probe x2  
  87  6:04  Stalker  
  87  6:06  Stalker  
  85  6:13  Probe  
  88  6:22  Nexus  
  88  6:24  Pylon  
Tags
 
Matchup
PvT
Player
ViBE
Replay Pack
Bronze_League
Spawn Locations
Cross Positions
Add a new tag
Caveats
  • Supply blocks, unpowered buildings, or Contaminate may cause inaccurate times.
  • Supply counts are checked every 10 seconds.